Bears vs Wolves

Created - Monday, November 23, 2015 at 02:17

Goals
1 2 3 OT1 SO T
Bears 0 1 0 0 2 1
Wolves 1 0 0 0 3 2
Shots
1 2 3 OT1 SO T
Bears 2 10 6 5 7 23
Wolves 12 10 6 4 7 32

1st period

1. Wolves , Colton Sissons 2 (Joe Whitney, Brian O'Neill) at 3:38 (PP)

Penalties :
Joe Piskula (CHI) for Fighting (Major) at 0:52, Justin Florek (Her) for Fighting (Major) at 0:52, Kevin Henderson (Her) for Hooking (Minor) at 2:44, Eric Baier (CHI) for Fighting (Major) at 3:45, Kyle Jean (Her) for Fighting (Major) at 3:45, Kyle Jean (Her) for instigated a fight (Minor) at 3:45, Kyle Jean (Her) for instigated a fight (10 Minutes Misconduct) at 3:45, John Gibson (Her) for Slashing (Minor) at 7:01 - Luke Adam served the penalty, Steve Oleksy (Her) for Interference (Minor) at 10:29

2nd period

2. Bears , Jeremy Langlois 5 (Maxim Noreau) at 16:43

Penalties :
Ryan Reaves (CHI) for Fighting (Major) at 0:21, Justin Florek (Her) for Fighting (Major) at 0:21, Brad Mills (Her) for Tripping (Minor) at 10:11, Steve Oleksy (Her) for High sticking (Minor) at 19:28

3rd period

No Goal

Penalties :
Ryan Reaves (CHI) for Hooking (Minor) at 4:43, Ryan Reaves (CHI) for High sticking (Minor) at 15:58

Overtime #1

No Goal

Penalties :
No Penalty

Shootout

Penalty Shot by FARM PLAYER12 for Bears - Shot Misses the Net
Penalty Shot by Ryan Reaves for Wolves - Goal!
Penalty Shot by Luke Adam for Bears - Goal!
Penalty Shot by Joakim Nordstrom for Wolves - Stopped by John Gibson
Penalty Shot by Brett Sutter for Bears - Goal!
Penalty Shot by Brian O'Neill for Wolves - Goal!
Penalty Shot by Justin Florek for Bears - Stopped by Evgeni Nabokov
Penalty Shot by Blair Jones for Wolves - Stopped by John Gibson
Penalty Shot by Chad LaRose for Bears - Stopped by Evgeni Nabokov
Penalty Shot by Colton Sissons for Wolves - Stopped by John Gibson
Penalty Shot by Jeremy Langlois for Bears - Stopped by Evgeni Nabokov
Penalty Shot by Joe Whitney for Wolves - Stopped by John Gibson
Penalty Shot by Tyler Brown for Bears - Stopped by Evgeni Nabokov
Penalty Shot by Evan Rankin for Wolves - Goal!

Penalties :
No Penalty

Goalie Stats

John Gibson (Her), 31 saves from 32 shots - (0.969), OTL, 4-7-3, 65:00 minutes
Evgeni Nabokov (CHI), 22 saves from 23 shots - (0.957), W, 8-1-1, 65:00 minutes

Players Stats for Bears

Player Name              G  A  P  +/- PIM S  H  SB GA TA FO     MP     PP MP  PK MP  
------------------------------------------------------------------------------------
Andreas Athanasiou       0  0  0   0  0   0  0  0  0  0  0/0     0:00   0:00   0:00 
Ben Youds                0  0  0   0  0   2  3  0  0  0  0/0    25:39   1:45   5:52 
Brad Mills               0  0  0   0  2   0  0  0  2  0  0/0    10:55   0:44   0:39 
Brett Sutter             0  0  0   0  0   0  2  1  2  2  6/15   21:42   1:11   3:01 
Chad LaRose              0  0  0   1  0   2  1  1  0  2  4/12   23:43   1:33   5:55 
David Dziurzynski        0  0  0   0  0   0  0  0  1  0  0/0     2:07   0:00   0:00 
FARM PLAYER12            0  0  0   0  0   0  0  0  0  0  0/1    22:10   0:29   5:10 
Jeremy Langlois          1  0  1   1  0   7  0  1  5  2  1/4    21:38   1:31   5:03 
Jesse Root               0  0  0   0  0   0  0  0  1  0  0/0     0:53   0:00   0:00 
Justin Florek            0  0  0   0  10  4  2  0  1  4  0/0    19:59   1:31   2:12 
Kevin Henderson          0  0  0   1  2   2  0  1  2  2  0/0    15:09   0:23   1:53 
Kyle Cumiskey            0  0  0   1  0   1  4  3  0  0  0/0    26:55   1:45   4:57 
Kyle Jean                0  0  0   0  17  0  1  0  0  0  3/5    14:07   1:12   0:00 
Ludwig Bystrom           0  0  0   0  0   0  0  1  1  2  0/0    15:06   0:28   0:00 
Luke Adam                0  0  0   0  0   1  3  1  3  0  1/5    16:22   1:43   0:00 
Maxim Noreau             0  1  1   1  0   2  1  0  0  4  0/0    25:32   1:45   4:57 
Steve Oleksy             0  0  0   0  4   1  1  2  0  2  0/0    24:57   2:13   3:53 
Tyler Brown              0  0  0   0  0   1  1  1  4  0  4/6    22:26   1:37   0:00 

Players Stats for Wolves

Player Name              G  A  P  +/- PIM S  H  SB GA TA FO     MP     PP MP  PK MP  
------------------------------------------------------------------------------------
Adam Pelech              0  0  0  -1  0   0  3  1  0  0  0/0    15:25   0:00   0:00 
Andre Benoit             0  0  0   0  0   4  1  0  1  3  0/0    25:53   6:10   2:20 
Blair Jones              0  0  0   0  0   0  2  0  3  0  1/1    18:44   5:33   2:11 
Brian O'Neill            0  1  1   0  0   4  2  0  4  0  1/1    18:21   5:16   0:00 
Colton Sissons           1  0  1   0  0   5  1  0  0  0  7/14   17:45   5:16   0:00 
Eric Baier               0  0  0  -1  5   0  0  2  0  1  0/0    15:26   0:18   0:00 
Evan Rankin              0  0  0  -1  0   1  0  1  1  0  2/3    10:20   0:00   2:06 
Joakim Nordstrom         0  0  0   0  0   1  1  0  3  1  8/12   21:01   5:33   2:41 
Joe Piskula              0  0  0   0  5   2  2  1  0  0  0/0    21:55   3:20   1:38 
Joe Whitney              0  1  1   0  0   3  2  0  4  0  1/1    18:44   5:16   0:58 
Josh Anderson            0  0  0   0  0   0  3  0  3  0  0/0    14:34   0:00   0:00 
Kevin Lynch              0  0  0  -1  0   1  0  0  0  0  2/4     8:13   0:00   0:00 
Marek Tvrdon             0  0  0   0  0   2  1  0  5  1  0/0    16:07   0:00   0:00 
Matt Donovan             0  0  0   0  0   6  2  1  4  1  0/0    27:10   7:11   2:20 
Ryan Reaves              0  0  0  -1  9   1  1  1  3  0  1/3    21:03   5:27   0:00 
Ryan Sproul              0  0  0   0  0   1  1  1  0  1  0/0    24:09   4:39   1:38 
Scott Kosmachuk          0  0  0   0  0   1  0  1  0  0  1/2     6:33   0:06   0:00 
Sebastian Wannstrom      0  0  0   0  0   0  1  1  0  2  5/7    14:34   0:00   0:00 

3 Stars

1 - John Gibson (Her)
2 - Evgeni Nabokov (CHI)
3 - Jeremy Langlois (Her)

Power Play

Bears - 0 on 2 Attempt(s) - 0.00%
Wolves - 1 on 6 Attempt(s) - 16.67%

Penalty Kill

Bears - 5 on 6 Attempt(s) - 83.33% - Score 0 goal in Penalty Kill
Wolves - 2 on 2 Attempt(s) - 100.00% - Score 0 goal in Penalty Kill

Team Stat

Bears - Hits : 19 - Faceoff Wins : 19 - Blocked Shots : 12 - Penalty Minutes : 35
Wolves - Hits : 23 - Faceoff Wins : 29 - Blocked Shots : 10 - Penalty Minutes : 19

Official

Referees : Unknown
Linesman : Unknown

Game Notes

Joe Piskula and Justin Florek fight to a draw at 0:52 of 1st period
Eric Baier beats up Kyle Jean at 3:45 of 1st period
Justin Florek beats up Ryan Reaves at 0:21 of 2nd period

Finance

Level 1 -- Attendance: 1577 (78.85%) -- Ticket Income $44,156
Level 2 -- Attendance: 711 (71.10%) -- Ticket Income $7,110
Total Attendance: 2288 (76.27%)
Total Ticket Income: $51,266
Other Income: $25,120
Total Income: $76,386

Bears

5 vs 5 Forward 
   Center                   Left Wing                Right Wing               Time % Phy DF OF 
 1 Luke Adam                Tyler Brown              Chad LaRose              35     1   2  2  
 2 Brett Sutter             Justin Florek            Jeremy Langlois          30     1   2  2  
 3 Tyler Brown              Justin Florek            Brett Sutter             22     1   2  2  
 4 Jeremy Langlois          Kevin Henderson          Chad LaRose              13     1   2  2  

5 vs 5 Defense 
   Defense                  Defense                                           Time % Phy DF OF 
 1 Maxim Noreau             Kyle Cumiskey                                     35     1   2  2  
 2 Ben Youds                Steve Oleksy                                      30     1   2  2  
 3 Ludwig Bystrom           FARM PLAYER12                                     22     1   2  2  
 4 Maxim Noreau             Kyle Cumiskey                                     13     1   2  2  

PowerPlay Forward 
   Center                   Left Wing                Right Wing               Time % Phy DF OF 
 1 Tyler Brown              Luke Adam                Chad LaRose              60     1   2  2  
 2 Brett Sutter             Justin Florek            Jeremy Langlois          40     1   2  2  

PowerPlay Defense
   Defense                  Defense                                           Time % Phy DF OF 
 1 Maxim Noreau             Kyle Cumiskey                                     60     1   2  2  
 2 Ben Youds                Steve Oleksy                                      40     1   2  2  

Penalty Kill 4 Players Forward 
   Center                   Wing                     Time % Phy DF OF 
 1 Chad LaRose              Jeremy Langlois          60     1   2  2  
 2 Brett Sutter             Justin Florek            40     1   2  2  

Penalty Kill 4 Players Defense
   Defense                  Defense                  Time % Phy DF OF 
 1 Maxim Noreau             Kyle Cumiskey            60     1   2  2  
 2 Ben Youds                Steve Oleksy             40     1   2  2  

Penalty Kill - 3 Players Forward 
   Forward                                           Time % Phy DF OF 
 1 Justin Florek                                     60     1   2  2  
 2 Brett Sutter                                      40     1   2  2  

Penalty Kill - 3 Players Defense
   Defense                  Defense                  Time % Phy DF OF 
 1 Maxim Noreau             Kyle Cumiskey            60     1   2  2  
 2 Ben Youds                Steve Oleksy             40     1   2  2  

4 vs 4 Forward 
   Center                   Wing                     Time % Phy DF OF 
 1 Chad LaRose              Tyler Brown              60     1   2  2  
 2 Brett Sutter             Justin Florek            40     1   2  2  

4 vs 4 Defense
   Defense                  Defense                  Time % Phy DF OF 
 1 Maxim Noreau             Kyle Cumiskey            60     1   2  2  
 2 Ben Youds                Steve Oleksy             40     1   2  2  

Last Minutes Offensive
   Center                   Left Wing                Right Wing               Defense                  Defense                  
   Luke Adam                Justin Florek            Chad LaRose              Maxim Noreau             Kyle Cumiskey            

Last Minutes Defensive
   Center                   Left Wing                Right Wing               Defense                  Defense                  
   Luke Adam                Justin Florek            Chad LaRose              Maxim Noreau             Kyle Cumiskey            

Goaltenders
Starting : John Gibson              
Backup : FARM GOALIE1             

Extra Forwards
Normal : Kyle Jean, Tyler Brown, Justin Florek - PP : Kyle Jean, Tyler Brown - PK : Justin Florek
Extra Defensemen
Normal : Ludwig Bystrom, FARM PLAYER12, Ben Youds - PP : Ludwig Bystrom - PK : FARM PLAYER12, Ben Youds
Penalty Shots
FARM PLAYER12, Luke Adam, Brett Sutter, Justin Florek, Chad LaRose

Wolves

5 vs 5 Forward 
   Center                   Left Wing                Right Wing               Time % Phy DF OF 
 1 Joakim Nordstrom         Blair Jones              Ryan Reaves              35     1   2  2  
 2 Colton Sissons           Joe Whitney              Brian O'Neill            30     1   2  2  
 3 Sebastian Wannstrom      Josh Anderson            Marek Tvrdon             22     1   2  2  
 4 Kevin Lynch              Ryan Reaves              Evan Rankin              13     1   2  2  

5 vs 5 Defense 
   Defense                  Defense                                           Time % Phy DF OF 
 1 Andre Benoit             Matt Donovan                                      35     1   2  2  
 2 Ryan Sproul              Joe Piskula                                       30     1   2  2  
 3 Eric Baier               Adam Pelech                                       22     1   2  2  
 4 Andre Benoit             Matt Donovan                                      13     1   2  2  

PowerPlay Forward 
   Center                   Left Wing                Right Wing               Time % Phy DF OF 
 1 Joakim Nordstrom         Blair Jones              Ryan Reaves              60     1   2  2  
 2 Colton Sissons           Joe Whitney              Brian O'Neill            40     1   2  2  

PowerPlay Defense
   Defense                  Defense                                           Time % Phy DF OF 
 1 Andre Benoit             Matt Donovan                                      60     1   2  2  
 2 Ryan Sproul              Joe Piskula                                       40     1   2  2  

Penalty Kill 4 Players Forward 
   Center                   Wing                     Time % Phy DF OF 
 1 Ryan Reaves              Joakim Nordstrom         60     1   2  2  
 2 Brian O'Neill            Blair Jones              40     1   2  2  

Penalty Kill 4 Players Defense
   Defense                  Defense                  Time % Phy DF OF 
 1 Andre Benoit             Matt Donovan             60     1   2  2  
 2 Ryan Sproul              Joe Piskula              40     1   2  2  

Penalty Kill - 3 Players Forward 
   Forward                                           Time % Phy DF OF 
 1 Ryan Reaves                                       60     1   2  2  
 2 Joakim Nordstrom                                  40     1   2  2  

Penalty Kill - 3 Players Defense
   Defense                  Defense                  Time % Phy DF OF 
 1 Andre Benoit             Matt Donovan             60     1   2  2  
 2 Ryan Sproul              Joe Piskula              40     1   2  2  

4 vs 4 Forward 
   Center                   Wing                     Time % Phy DF OF 
 1 Ryan Reaves              Joakim Nordstrom         60     1   2  2  
 2 Brian O'Neill            Blair Jones              40     1   2  2  

4 vs 4 Defense
   Defense                  Defense                  Time % Phy DF OF 
 1 Andre Benoit             Matt Donovan             60     1   2  2  
 2 Ryan Sproul              Joe Piskula              40     1   2  2  

Last Minutes Offensive
   Center                   Left Wing                Right Wing               Defense                  Defense                  
   Joakim Nordstrom         Blair Jones              Ryan Reaves              Andre Benoit             Matt Donovan             

Last Minutes Defensive
   Center                   Left Wing                Right Wing               Defense                  Defense                  
   Joakim Nordstrom         Blair Jones              Ryan Reaves              Andre Benoit             Matt Donovan             

Goaltenders
Starting : Evgeni Nabokov           
Backup : Jared Coreau             

Extra Forwards
Normal : Scott Kosmachuk, Marek Tvrdon, Evan Rankin - PP : Scott Kosmachuk, Marek Tvrdon - PK : Evan Rankin
Extra Defensemen
Normal : Eric Baier, Adam Pelech, Ryan Sproul - PP : Eric Baier - PK : Adam Pelech, Ryan Sproul
Penalty Shots
Ryan Reaves, Joakim Nordstrom, Brian O'Neill, Blair Jones, Colton Sissons

% Time on Ice - Bears

Lines # - Real PCT - Wanted PCT - Time Play
Normal Forward
1 - 35% - 35% - 15:59
2 - 27% - 30% - 12:07
3 - 14% - 22% - 6:30
4 - 23% - 13% - 10:37
Normal Defense
1 - 35% - 35% - 15:43
2 - 35% - 30% - 15:36
3 - 28% - 22% - 12:27
4 - 3% - 13% - 1:27
PP Forward
1 - 62% - 60% - 2:27
2 - 38% - 40% - 1:31
PP Defense
1 - 44% - 60% - 1:45
2 - 56% - 40% - 2:13
PK Forward
1 - 72% - 60% - 7:48
2 - 28% - 40% - 3:01
PK Defense
1 - 46% - 60% - 4:57
2 - 54% - 40% - 5:52
PK3 Forward
1 - 0% - 60%
2 - 0% - 40%
PK3 Defense
1 - 0% - 60%
2 - 0% - 40%
44 Forward
1 - 100% - 60% - 5:00
2 - 0% - 40% - 0:00
44 Defense
1 - 49% - 60% - 2:26
2 - 51% - 40% - 2:34
Last Minute Offensive  - 0:00
Last Minute Defensive  - 0:00
Total
Forward - 65:00
Defense - 65:00

% Time on Ice - Wolves

Lines # - Real PCT - Wanted PCT - Time Play
Normal Forward
1 - 22% - 35% - 9:57
2 - 28% - 30% - 12:29
3 - 32% - 22% - 14:34
4 - 18% - 13% - 8:13
Normal Defense
1 - 30% - 35% - 13:31
2 - 33% - 30% - 14:51
3 - 34% - 22% - 15:25
4 - 3% - 13% - 1:26
PP Forward
1 - 51% - 60% - 5:33
2 - 49% - 40% - 5:16
PP Defense
1 - 57% - 60% - 6:10
2 - 43% - 40% - 4:39
PK Forward
1 - 100% - 60% - 3:58
2 - 0% - 40% - 0:00
PK Defense
1 - 59% - 60% - 2:20
2 - 41% - 40% - 1:38
PK3 Forward
1 - 0% - 60%
2 - 0% - 40%
PK3 Defense
1 - 0% - 60%
2 - 0% - 40%
44 Forward
1 - 88% - 60% - 4:24
2 - 12% - 40% - 0:36
44 Defense
1 - 49% - 60% - 2:26
2 - 51% - 40% - 2:34
Last Minute Offensive  - 0:00
Last Minute Defensive  - 0:00
Total
Forward - 65:00
Defense - 65:00

Play by Play

1st period


0:01 of 1st period - Joakim Nordstrom wins face-off versus Luke Adam in neutral zone.
0:22 of 1st period - Snap shot by Andre Benoit.
0:22 of 1st period - Stopped by John Gibson with a rebound.
0:36 of 1st period - Slapshot by Matt Donovan.
0:36 of 1st period - Stopped by John Gibson with a rebound.
0:48 of 1st period - Wrist shot by Joe Whitney.
0:48 of 1st period - Shot Blocked by Luke Adam.
0:50 of 1st period - Slapshot by Matt Donovan.
0:50 of 1st period - Stopped by John Gibson without a rebound.
0:51 of 1st period - Brett Sutter wins face-off versus Colton Sissons in Bears zone.
0:51 of 1st period - Brett Sutter is hit by Joe Whitney.
0:52 of 1st period - Joe Piskula and Justin Florek fight to a draw.
0:52 of 1st period - Penalty to Joe Piskula for Fighting.
0:52 of 1st period - Penalty to Justin Florek for Fighting.
0:53 of 1st period - Sebastian Wannstrom wins face-off versus Brett Sutter in Bears zone.
1:28 of 1st period - Snap shot by Marek Tvrdon.
1:28 of 1st period - Shot Hit the Post.
1:30 of 1st period - Snap shot by Marek Tvrdon.
1:30 of 1st period - Stopped by John Gibson without a rebound.
1:31 of 1st period - Tyler Brown wins face-off versus Colton Sissons in Bears zone.
1:31 of 1st period - Tyler Brown is hit by Andre Benoit.
2:09 of 1st period - Slapshot by Brian O'Neill.
2:09 of 1st period - Stopped by John Gibson with a rebound.
2:35 of 1st period - Wrist shot by Ryan Reaves.
2:35 of 1st period - Shot Blocked by Kevin Henderson.
2:37 of 1st period - Snap shot by Kevin Lynch.
2:37 of 1st period - Stopped by John Gibson with a rebound.
2:44 of 1st period - Minor Penalty to Kevin Henderson for Hooking.
2:45 of 1st period - Joakim Nordstrom wins face-off versus Chad LaRose in Bears zone.
2:47 of 1st period - Slapshot by Andre Benoit.
2:47 of 1st period - Shot Misses the Net.
2:55 of 1st period - Slapshot by Matt Donovan.
2:55 of 1st period - Stopped by John Gibson with a rebound.
2:57 of 1st period - Snap shot by Joakim Nordstrom.
2:57 of 1st period - Shot Blocked by Jeremy Langlois.
2:59 of 1st period - Wrist shot by Joakim Nordstrom.
2:59 of 1st period - Shot Misses the Net.
3:34 of 1st period - Wrist shot by Joe Whitney.
3:34 of 1st period - Shot Blocked by Kyle Cumiskey.
3:36 of 1st period - Slapshot by Joe Whitney.
3:36 of 1st period - Stopped by John Gibson with a rebound.
3:38 of 1st period - Snap shot by Colton Sissons.
3:38 of 1st period - Goal by Colton Sissons - Bears : 0 - Wolves : 1.
3:39 of 1st period - Tyler Brown wins face-off versus Colton Sissons in neutral zone.
3:45 of 1st period - Eric Baier beats up Kyle Jean.
3:45 of 1st period - Penalty to Eric Baier for Fighting.
3:45 of 1st period - Penalty to Kyle Jean for Fighting.
3:45 of 1st period - Penalty to Kyle Jean for instigated a fight.
3:45 of 1st period - Penalty to Kyle Jean for instigated a fight.
3:46 of 1st period - Chad LaRose wins face-off versus Joakim Nordstrom in neutral zone.
4:01 of 1st period - Wrist shot by Jeremy Langlois.
4:01 of 1st period - Shot Misses the Net.
4:42 of 1st period - Maxim Noreau is hit by Brian O'Neill and loses puck.
4:51 of 1st period - Snap shot by Joe Whitney.
4:51 of 1st period - Shot Misses the Net.
4:53 of 1st period - Snap shot by Brian O'Neill.
4:53 of 1st period - Shot Misses the Net.
4:55 of 1st period - Slapshot by Ryan Sproul.
4:55 of 1st period - Shot Misses the Net.
5:26 of 1st period - Joakim Nordstrom is hit by Kyle Cumiskey and loses puck.
5:45 of 1st period - Penalty to Kyle Jean is over, Brad Mills is send on ice.
6:19 of 1st period - Marek Tvrdon is hit by Tyler Brown and loses puck.
6:26 of 1st period - Brett Sutter is hit by Josh Anderson and loses puck.
6:59 of 1st period - Snap shot by Evan Rankin.
6:59 of 1st period - Shot Hit the Post.
7:01 of 1st period - Backhand shot by Joe Piskula.
7:01 of 1st period - Stopped by John Gibson without a rebound.
7:01 of 1st period - Minor Penalty to John Gibson for Slashing.
7:02 of 1st period - Colton Sissons wins face-off versus Chad LaRose in Bears zone.
8:11 of 1st period - Justin Florek is hit by Joe Whitney and loses puck.
8:45 of 1st period - Penalty to Kyle Jean is over, Brad Mills is send on ice.
8:58 of 1st period - Wrist shot by Joe Whitney.
8:58 of 1st period - Shot Blocked by Kyle Cumiskey.
9:10 of 1st period - Slapshot by Adam Pelech.
9:10 of 1st period - Deflect By Marek Tvrdon.
9:10 of 1st period - Stopped by John Gibson with a rebound.
9:12 of 1st period - Backhand shot by Sebastian Wannstrom.
9:12 of 1st period - Shot Misses the Net.
10:16 of 1st period - Luke Adam is hit by Ryan Sproul and loses puck.
10:29 of 1st period - Minor Penalty to Steve Oleksy for Interference.
10:30 of 1st period - Chad LaRose wins face-off versus Colton Sissons in Bears zone.
12:10 of 1st period - Joe Piskula is hit by Ben Youds and loses puck.
12:29 of 1st period - Penalty to Steve Oleksy is over, Steve Oleksy is back on ice.
12:54 of 1st period - Luke Adam is hit by Sebastian Wannstrom and loses puck.
13:20 of 1st period - Snap shot by Josh Anderson.
13:20 of 1st period - Deflect By Marek Tvrdon.
13:20 of 1st period - Shot Misses the Net.
13:20 of 1st period - Puck is out of play.
13:21 of 1st period - Kevin Lynch wins face-off versus Brett Sutter in Bears zone.
13:32 of 1st period - Slapshot by Justin Florek.
13:32 of 1st period - Shot Misses the Net.
13:34 of 1st period - Snap shot by Justin Florek.
13:34 of 1st period - Stopped by Evgeni Nabokov without a rebound.
13:35 of 1st period - Brett Sutter wins face-off versus Kevin Lynch in Wolves zone.
14:21 of 1st period - Wrist shot by Brad Mills.
14:21 of 1st period - Deflect By Sebastian Wannstrom.
14:21 of 1st period - Shot Misses the Net.
14:21 of 1st period - Puck is out of play.
14:22 of 1st period - Colton Sissons wins face-off versus Jeremy Langlois in Wolves zone.
14:49 of 1st period - Ryan Sproul is hit by Brett Sutter and loses puck.
15:06 of 1st period - Brian O'Neill is hit by Luke Adam and loses puck.
16:25 of 1st period - Slapshot by Matt Donovan.
16:25 of 1st period - Shot Misses the Net.
16:55 of 1st period - Slapshot by Joakim Nordstrom.
16:55 of 1st period - Deflect By Blair Jones.
16:55 of 1st period - Shot Blocked by Steve Oleksy.
16:55 of 1st period - Puck is out of play.
16:56 of 1st period - Sebastian Wannstrom wins face-off versus Brett Sutter in Bears zone.
17:09 of 1st period - Slapshot by Jeremy Langlois.
17:09 of 1st period - Stopped by Evgeni Nabokov with a rebound.
17:25 of 1st period - Jeremy Langlois is hit by Adam Pelech and loses puck.
18:02 of 1st period - Icing by Brad Mills.
18:03 of 1st period - Blair Jones wins face-off versus Brett Sutter in Bears zone.
18:45 of 1st period - 10 Minutes Misconduct Penalty to Kyle Jean is over.
19:06 of 1st period - David Dziurzynski is hit by Marek Tvrdon and loses puck.
19:13 of 1st period - David Dziurzynski is hit by Joe Piskula and loses puck.
19:36 of 1st period - Slapshot by Eric Baier.
19:36 of 1st period - Shot Misses the Net.
19:38 of 1st period - Snap shot by Kevin Lynch.
19:38 of 1st period - Shot Blocked by Ludwig Bystrom.
19:40 of 1st period - Snap shot by Kevin Lynch.
19:40 of 1st period - Deflect By Evan Rankin.
19:40 of 1st period - Stopped by John Gibson with a rebound.
Goals for this period are 0 for Bears vs 1 for Wolves.
Shots for this period are 2 for Bears vs 12 for Wolves.

2nd period


0:01 of 2nd period - Joakim Nordstrom wins face-off versus Brett Sutter in neutral zone.
0:12 of 2nd period - Slapshot by Matt Donovan.
0:12 of 2nd period - Shot Misses the Net.
0:21 of 2nd period - Justin Florek beats up Ryan Reaves.
0:21 of 2nd period - Penalty to Ryan Reaves for Fighting.
0:21 of 2nd period - Penalty to Justin Florek for Fighting.
0:22 of 2nd period - Brett Sutter wins face-off versus Joakim Nordstrom in Wolves zone.
0:23 of 2nd period - Snap shot by Jeremy Langlois.
0:23 of 2nd period - Shot Misses the Net.
0:35 of 2nd period - Andre Benoit is hit by Brett Sutter and loses puck.
1:10 of 2nd period - Slapshot by Matt Donovan.
1:10 of 2nd period - Shot Misses the Net.
1:12 of 2nd period - Snap shot by Matt Donovan.
1:12 of 2nd period - Shot Misses the Net.
1:14 of 2nd period - Snap shot by Colton Sissons.
1:14 of 2nd period - Stopped by John Gibson with a rebound.
1:16 of 2nd period - Snap shot by Joe Piskula.
1:16 of 2nd period - Deflect By Colton Sissons.
1:16 of 2nd period - Stopped by John Gibson with a rebound.
1:18 of 2nd period - Snap shot by Colton Sissons.
1:18 of 2nd period - Stopped by John Gibson without a rebound.
1:19 of 2nd period - Colton Sissons wins face-off versus Luke Adam in Bears zone.
1:40 of 2nd period - Wrist shot by Joe Whitney.
1:40 of 2nd period - Stopped by John Gibson with a rebound.
1:42 of 2nd period - Slapshot by Ryan Sproul.
1:42 of 2nd period - Stopped by John Gibson without a rebound.
1:43 of 2nd period - Sebastian Wannstrom wins face-off versus Tyler Brown in Bears zone.
2:15 of 2nd period - Matt Donovan is hit by Ben Youds and loses puck.
2:32 of 2nd period - Icing by Kevin Henderson.
2:33 of 2nd period - Joakim Nordstrom wins face-off versus Jeremy Langlois in Bears zone.
2:44 of 2nd period - Slapshot by Chad LaRose.
2:44 of 2nd period - Stopped by Evgeni Nabokov without a rebound.
2:45 of 2nd period - Luke Adam wins face-off versus Colton Sissons in Wolves zone.
3:02 of 2nd period - Tyler Brown is hit by Brian O'Neill.
3:52 of 2nd period - Snap shot by Brett Sutter.
3:52 of 2nd period - Shot Blocked by Scott Kosmachuk.
4:50 of 2nd period - Jeremy Langlois is hit by Joe Piskula and loses puck.
5:53 of 2nd period - Off-side.
5:54 of 2nd period - Kevin Lynch wins face-off versus Luke Adam in neutral zone.
6:08 of 2nd period - Snap shot by Justin Florek.
6:08 of 2nd period - Stopped by Evgeni Nabokov without a rebound.
6:09 of 2nd period - Jeremy Langlois wins face-off versus Kevin Lynch in Wolves zone.
6:10 of 2nd period - Snap shot by Chad LaRose.
6:10 of 2nd period - Stopped by Evgeni Nabokov with a rebound.
6:12 of 2nd period - Slapshot by Kevin Henderson.
6:12 of 2nd period - Shot Blocked by Evan Rankin.
6:14 of 2nd period - Wrist shot by Kevin Henderson.
6:14 of 2nd period - Stopped by Evgeni Nabokov with a rebound.
6:16 of 2nd period - Slapshot by Maxim Noreau.
6:16 of 2nd period - Shot Blocked by Adam Pelech.
6:22 of 2nd period - Snap shot by Jeremy Langlois.
6:22 of 2nd period - Stopped by Evgeni Nabokov with a rebound.
6:24 of 2nd period - Slapshot by Maxim Noreau.
6:24 of 2nd period - Stopped by Evgeni Nabokov with a rebound.
6:26 of 2nd period - Snap shot by Chad LaRose.
6:26 of 2nd period - Deflect By Jeremy Langlois.
6:26 of 2nd period - Shot Misses the Net.
6:26 of 2nd period - Puck is out of play.
6:27 of 2nd period - Colton Sissons wins face-off versus Jeremy Langlois in Wolves zone.
7:05 of 2nd period - Slapshot by Andre Benoit.
7:05 of 2nd period - Shot Misses the Net.
7:31 of 2nd period - Backhand shot by Josh Anderson.
7:31 of 2nd period - Shot Misses the Net.
7:44 of 2nd period - Snap shot by Eric Baier.
7:44 of 2nd period - Shot Blocked by Steve Oleksy.
8:06 of 2nd period - Snap shot by Justin Florek.
8:06 of 2nd period - Shot Blocked by Eric Baier.
8:47 of 2nd period - Snap shot by Justin Florek.
8:47 of 2nd period - Shot Misses the Net.
9:43 of 2nd period - Slapshot by Matt Donovan.
9:43 of 2nd period - Deflect By Brett Sutter.
9:43 of 2nd period - Stopped by John Gibson without a rebound.
9:44 of 2nd period - Colton Sissons wins face-off versus Brett Sutter in Bears zone.
10:11 of 2nd period - Minor Penalty to Brad Mills for Tripping.
10:12 of 2nd period - Joakim Nordstrom wins face-off versus Chad LaRose in Bears zone.
10:21 of 2nd period - Snap shot by Joakim Nordstrom.
10:21 of 2nd period - Stopped by John Gibson without a rebound.
10:22 of 2nd period - Chad LaRose wins face-off versus Joakim Nordstrom in Bears zone.
10:22 of 2nd period - Chad LaRose is hit by Ryan Reaves.
11:02 of 2nd period - Wrist shot by Colton Sissons.
11:02 of 2nd period - Stopped by John Gibson with a rebound.
12:00 of 2nd period - Wrist shot by Kevin Henderson.
12:00 of 2nd period - Stopped by Evgeni Nabokov with a rebound.
12:11 of 2nd period - Penalty to Brad Mills is over, Brad Mills is back on ice.
12:22 of 2nd period - Eric Baier is hit by Luke Adam and loses puck.
13:01 of 2nd period - Adam Pelech is hit by Kyle Cumiskey and loses puck.
13:20 of 2nd period - Slapshot by Jeremy Langlois.
13:20 of 2nd period - Stopped by Evgeni Nabokov with a rebound.
15:42 of 2nd period - Wrist shot by Brian O'Neill.
15:42 of 2nd period - Stopped by John Gibson with a rebound.
15:58 of 2nd period - Slapshot by Luke Adam.
15:58 of 2nd period - Shot Misses the Net.
16:00 of 2nd period - Wrist shot by Luke Adam.
16:00 of 2nd period - Stopped by Evgeni Nabokov with a rebound.
16:02 of 2nd period - Slapshot by Steve Oleksy.
16:02 of 2nd period - Shot Misses the Net.
16:04 of 2nd period - Slapshot by Ben Youds.
16:04 of 2nd period - Deflect By Brad Mills.
16:04 of 2nd period - Shot Hit the Post.
16:04 of 2nd period - Puck is out of play.
16:05 of 2nd period - Sebastian Wannstrom wins face-off versus Luke Adam in Wolves zone.
16:43 of 2nd period - Snap shot by Jeremy Langlois.
16:43 of 2nd period - Goal by Jeremy Langlois - Bears : 1 - Wolves : 1.
16:44 of 2nd period - Sebastian Wannstrom wins face-off versus Brett Sutter in neutral zone.
16:57 of 2nd period - Wrist shot by Justin Florek.
16:57 of 2nd period - Shot Blocked by Sebastian Wannstrom.
17:25 of 2nd period - Snap shot by Joe Whitney.
17:25 of 2nd period - Shot Misses the Net.
18:00 of 2nd period - Joakim Nordstrom is hit by Luke Adam and loses puck.
18:40 of 2nd period - Snap shot by Luke Adam.
18:40 of 2nd period - Shot Blocked by Ryan Reaves.
18:44 of 2nd period - Slapshot by Brad Mills.
18:44 of 2nd period - Shot Blocked by Eric Baier.
18:46 of 2nd period - Slapshot by Kyle Jean.
18:46 of 2nd period - Shot Misses the Net.
19:10 of 2nd period - Slapshot by Matt Donovan.
19:10 of 2nd period - Stopped by John Gibson with a rebound.
19:12 of 2nd period - Slapshot by Andre Benoit.
19:12 of 2nd period - Shot Blocked by Brett Sutter.
19:28 of 2nd period - Minor Penalty to Steve Oleksy for High sticking.
19:29 of 2nd period - Colton Sissons wins face-off versus Chad LaRose in Bears zone.
Goals for this period are 1 for Bears vs 0 for Wolves.
Shots for this period are 10 for Bears vs 10 for Wolves.

3rd period


0:01 of 3rd period - Joakim Nordstrom wins face-off versus Chad LaRose in neutral zone.
0:04 of 3rd period - Slapshot by Andre Benoit.
0:04 of 3rd period - Stopped by John Gibson with a rebound.
1:17 of 3rd period - Snap shot by Brian O'Neill.
1:17 of 3rd period - Stopped by John Gibson with a rebound.
1:28 of 3rd period - Penalty to Steve Oleksy is over, Steve Oleksy is back on ice.
2:06 of 3rd period - Snap shot by Luke Adam.
2:06 of 3rd period - Shot Misses the Net.
3:58 of 3rd period - Marek Tvrdon is hit by Chad LaRose and loses puck.
4:09 of 3rd period - Snap shot by Jeremy Langlois.
4:09 of 3rd period - Stopped by Evgeni Nabokov without a rebound.
4:10 of 3rd period - Brett Sutter wins face-off versus Joakim Nordstrom in Wolves zone.
4:11 of 3rd period - Wrist shot by Jeremy Langlois.
4:11 of 3rd period - Shot Misses the Net.
4:17 of 3rd period - Jeremy Langlois is hit by Blair Jones and loses puck.
4:43 of 3rd period - Minor Penalty to Ryan Reaves for Hooking.
4:44 of 3rd period - Tyler Brown wins face-off versus Evan Rankin in Wolves zone.
6:08 of 3rd period - Off-side.
6:09 of 3rd period - Evan Rankin wins face-off versus Kyle Jean in neutral zone.
6:38 of 3rd period - Wrist shot by Justin Florek.
6:38 of 3rd period - Shot Misses the Net.
6:43 of 3rd period - Penalty to Ryan Reaves is over, Ryan Reaves is back on ice.
6:51 of 3rd period - Icing by Kyle Jean.
6:52 of 3rd period - Kyle Jean wins face-off versus Sebastian Wannstrom in Bears zone.
6:59 of 3rd period - Snap shot by Marek Tvrdon.
6:59 of 3rd period - Shot Misses the Net.
7:05 of 3rd period - Marek Tvrdon is hit by Kyle Cumiskey and loses puck.
7:18 of 3rd period - Marek Tvrdon is hit by Kyle Jean and loses puck.
7:57 of 3rd period - Chad LaRose is hit by Colton Sissons and loses puck.
8:26 of 3rd period - Snap shot by Jeremy Langlois.
8:26 of 3rd period - Shot Blocked by Matt Donovan.
9:23 of 3rd period - Slapshot by Brad Mills.
9:23 of 3rd period - Shot Misses the Net.
9:25 of 3rd period - Wrist shot by Ludwig Bystrom.
9:25 of 3rd period - Shot Misses the Net.
9:27 of 3rd period - Snap shot by Steve Oleksy.
9:27 of 3rd period - Stopped by Evgeni Nabokov with a rebound.
9:33 of 3rd period - Snap shot by Jesse Root.
9:33 of 3rd period - Shot Blocked by Ryan Sproul.
9:35 of 3rd period - Snap shot by Kevin Henderson.
9:35 of 3rd period - Deflect By Brad Mills.
9:35 of 3rd period - Shot Misses the Net.
9:35 of 3rd period - Puck is out of play.
9:36 of 3rd period - Colton Sissons wins face-off versus Brett Sutter in Wolves zone.
9:55 of 3rd period - Icing by Colton Sissons.
9:56 of 3rd period - Joe Whitney wins face-off versus Brett Sutter in Wolves zone.
9:56 of 3rd period - Joe Whitney is hit by Justin Florek.
10:16 of 3rd period - Snap shot by Brian O'Neill.
10:16 of 3rd period - Stopped by John Gibson with a rebound.
10:48 of 3rd period - Slapshot by Matt Donovan.
10:48 of 3rd period - Stopped by John Gibson with a rebound.
11:04 of 3rd period - Andre Benoit is hit by Steve Oleksy and loses puck.
11:37 of 3rd period - Kyle Jean is hit by Matt Donovan and loses puck.
11:47 of 3rd period - Off-side.
11:48 of 3rd period - Kyle Jean wins face-off versus Colton Sissons in neutral zone.
12:52 of 3rd period - Sebastian Wannstrom is hit by Maxim Noreau and loses puck.
13:05 of 3rd period - Snap shot by Andre Benoit.
13:05 of 3rd period - Stopped by John Gibson with a rebound.
13:07 of 3rd period - Snap shot by Matt Donovan.
13:07 of 3rd period - Shot Misses the Net.
13:09 of 3rd period - Slapshot by Matt Donovan.
13:09 of 3rd period - Shot Blocked by Tyler Brown.
14:20 of 3rd period - Ben Youds is hit by Adam Pelech and loses puck.
14:43 of 3rd period - Ben Youds is hit by Adam Pelech and loses puck.
15:39 of 3rd period - Slapshot by Ben Youds.
15:39 of 3rd period - Deflect By Josh Anderson.
15:39 of 3rd period - Stopped by Evgeni Nabokov with a rebound.
15:58 of 3rd period - Minor Penalty to Ryan Reaves for High sticking.
15:59 of 3rd period - Evan Rankin wins face-off versus Tyler Brown in Wolves zone.
16:26 of 3rd period - Matt Donovan is hit by Justin Florek and loses puck.
16:58 of 3rd period - Luke Adam is hit by Blair Jones and loses puck.
17:13 of 3rd period - Kyle Jean is hit by Matt Donovan and loses puck.
17:20 of 3rd period - Snap shot by Joe Whitney.
17:20 of 3rd period - Stopped by John Gibson with a rebound.
17:38 of 3rd period - Slapshot by Jeremy Langlois.
17:38 of 3rd period - Stopped by Evgeni Nabokov with a rebound.
17:58 of 3rd period - Penalty to Ryan Reaves is over, Ryan Reaves is back on ice.
18:05 of 3rd period - Luke Adam is hit by Josh Anderson and loses puck.
18:12 of 3rd period - Ludwig Bystrom is hit by Josh Anderson.
18:52 of 3rd period - Wrist shot by Justin Florek.
18:52 of 3rd period - Stopped by Evgeni Nabokov with a rebound.
18:54 of 3rd period - Backhand shot by Justin Florek.
18:54 of 3rd period - Shot Misses the Net.
18:58 of 3rd period - Wrist shot by Justin Florek.
18:58 of 3rd period - Deflect By Brett Sutter.
18:58 of 3rd period - Shot Misses the Net.
18:58 of 3rd period - Puck is out of play.
18:59 of 3rd period - Brett Sutter wins face-off versus Colton Sissons in Wolves zone.
19:43 of 3rd period - Snap shot by Jeremy Langlois.
19:43 of 3rd period - Stopped by Evgeni Nabokov with a rebound.
19:45 of 3rd period - Slapshot by Ludwig Bystrom.
19:45 of 3rd period - Deflect By Jeremy Langlois.
19:45 of 3rd period - Shot Misses the Net.
19:45 of 3rd period - Puck is out of play.
19:46 of 3rd period - Brett Sutter wins face-off versus Sebastian Wannstrom in Wolves zone.
19:59 of 3rd period - Marek Tvrdon is hit by Kyle Cumiskey and loses puck.
Goals for this period are 0 for Bears vs 0 for Wolves.
Shots for this period are 6 for Bears vs 6 for Wolves.

Overtime #1


0:01 of 1st overtime period - Ryan Reaves wins face-off versus Chad LaRose in neutral zone.
0:04 of 1st overtime period - Tyler Brown is hit by Joakim Nordstrom and loses puck.
0:26 of 1st overtime period - Snap shot by Tyler Brown.
0:26 of 1st overtime period - Stopped by Evgeni Nabokov with a rebound.
0:28 of 1st overtime period - Slapshot by Kyle Cumiskey.
0:28 of 1st overtime period - Stopped by Evgeni Nabokov without a rebound.
0:29 of 1st overtime period - Chad LaRose wins face-off versus Ryan Reaves in Wolves zone.
0:33 of 1st overtime period - Slapshot by Ben Youds.
0:33 of 1st overtime period - Shot Misses the Net.
0:35 of 1st overtime period - Snap shot by Tyler Brown.
0:35 of 1st overtime period - Shot Misses the Net.
1:13 of 1st overtime period - Slapshot by Ryan Reaves.
1:13 of 1st overtime period - Stopped by John Gibson with a rebound.
2:00 of 1st overtime period - Slapshot by Andre Benoit.
2:00 of 1st overtime period - Stopped by John Gibson without a rebound.
2:01 of 1st overtime period - Tyler Brown wins face-off versus Scott Kosmachuk in Bears zone.
2:12 of 1st overtime period - Slapshot by Matt Donovan.
2:12 of 1st overtime period - Shot Blocked by Chad LaRose.
2:14 of 1st overtime period - Slapshot by Scott Kosmachuk.
2:14 of 1st overtime period - Shot Misses the Net.
2:16 of 1st overtime period - Slapshot by Matt Donovan.
2:16 of 1st overtime period - Shot Blocked by Kyle Cumiskey.
2:22 of 1st overtime period - Snap shot by Scott Kosmachuk.
2:22 of 1st overtime period - Stopped by John Gibson with a rebound.
2:24 of 1st overtime period - Slapshot by Joe Piskula.
2:24 of 1st overtime period - Stopped by John Gibson without a rebound.
2:25 of 1st overtime period - Kyle Jean wins face-off versus Ryan Reaves in Bears zone.
2:30 of 1st overtime period - Snap shot by Ben Youds.
2:30 of 1st overtime period - Stopped by Evgeni Nabokov without a rebound.
2:31 of 1st overtime period - Joakim Nordstrom wins face-off versus Kyle Jean in Wolves zone.
2:38 of 1st overtime period - Wrist shot by Ryan Reaves.
2:38 of 1st overtime period - Shot Misses the Net.
3:00 of 1st overtime period - Snap shot by Ben Youds.
3:00 of 1st overtime period - Deflect By Justin Florek.
3:00 of 1st overtime period - Stopped by Evgeni Nabokov without a rebound.
3:01 of 1st overtime period - Scott Kosmachuk wins face-off versus Chad LaRose in Wolves zone.
3:20 of 1st overtime period - Slapshot by Maxim Noreau.
3:20 of 1st overtime period - Deflect By Andre Benoit.
3:20 of 1st overtime period - Stopped by Evgeni Nabokov with a rebound.
3:34 of 1st overtime period - Snap shot by Chad LaRose.
3:34 of 1st overtime period - Shot Misses the Net.
3:36 of 1st overtime period - Slapshot by Maxim Noreau.
3:36 of 1st overtime period - Deflect By Tyler Brown.
3:36 of 1st overtime period - Shot Misses the Net.
3:36 of 1st overtime period - Puck is out of play.
3:37 of 1st overtime period - Joakim Nordstrom wins face-off versus Chad LaRose in Wolves zone.
4:08 of 1st overtime period - Slapshot by Ben Youds.
4:08 of 1st overtime period - Shot Blocked by Joe Piskula.
4:30 of 1st overtime period - Joe Piskula is hit by Ben Youds and loses puck.
4:41 of 1st overtime period - Off-side.
4:42 of 1st overtime period - Brian O'Neill wins face-off versus FARM PLAYER12 in neutral zone.
Goals for this period are 0 for Bears vs 0 for Wolves.
Shots for this period are 5 for Bears vs 4 for Wolves.

ShootOut


5:00 of 1st overtime period - Penalty Shot by FARM PLAYER12 for Bears.
5:00 of 1st overtime period - Snap shot by FARM PLAYER12.
5:00 of 1st overtime period - Shot Misses the Net.
5:00 of 1st overtime period - Penalty Shot by Ryan Reaves for Wolves.
5:00 of 1st overtime period - Deke by Ryan Reaves.
5:00 of 1st overtime period - Goal by Ryan Reaves.
5:00 of 1st overtime period - Penalty Shot by Luke Adam for Bears.
5:00 of 1st overtime period - Wrist shot by Luke Adam.
5:00 of 1st overtime period - Goal by Luke Adam.
5:00 of 1st overtime period - Penalty Shot by Joakim Nordstrom for Wolves.
5:00 of 1st overtime period - Deke by Joakim Nordstrom.
5:00 of 1st overtime period - Stopped by John Gibson.
5:00 of 1st overtime period - Penalty Shot by Brett Sutter for Bears.
5:00 of 1st overtime period - Snap shot by Brett Sutter.
5:00 of 1st overtime period - Goal by Brett Sutter.
5:00 of 1st overtime period - Penalty Shot by Brian O'Neill for Wolves.
5:00 of 1st overtime period - Wrist shot by Brian O'Neill.
5:00 of 1st overtime period - Goal by Brian O'Neill.
5:00 of 1st overtime period - Penalty Shot by Justin Florek for Bears.
5:00 of 1st overtime period - Backhand shot by Justin Florek.
5:00 of 1st overtime period - Stopped by Evgeni Nabokov.
5:00 of 1st overtime period - Penalty Shot by Blair Jones for Wolves.
5:00 of 1st overtime period - Snap shot by Blair Jones.
5:00 of 1st overtime period - Stopped by John Gibson.
5:00 of 1st overtime period - Penalty Shot by Chad LaRose for Bears.
5:00 of 1st overtime period - Deke by Chad LaRose.
5:00 of 1st overtime period - Stopped by Evgeni Nabokov.
5:00 of 1st overtime period - Penalty Shot by Colton Sissons for Wolves.
5:00 of 1st overtime period - Wrist shot by Colton Sissons.
5:00 of 1st overtime period - Stopped by John Gibson.
5:00 of 1st overtime period - Penalty Shot by Jeremy Langlois for Bears.
5:00 of 1st overtime period - Snap shot by Jeremy Langlois.
5:00 of 1st overtime period - Stopped by Evgeni Nabokov.
5:00 of 1st overtime period - Penalty Shot by Joe Whitney for Wolves.
5:00 of 1st overtime period - Wrist shot by Joe Whitney.
5:00 of 1st overtime period - Stopped by John Gibson.
5:00 of 1st overtime period - Penalty Shot by Tyler Brown for Bears.
5:00 of 1st overtime period - Deke by Tyler Brown.
5:00 of 1st overtime period - Stopped by Evgeni Nabokov.
5:00 of 1st overtime period - Penalty Shot by Evan Rankin for Wolves.
5:00 of 1st overtime period - Snap shot by Evan Rankin.
5:00 of 1st overtime period - Goal by Evan Rankin.